 Seeded DCSS version 0.29.1-15-g9cfb28693d (webtiles) character file.

Game seed: 16245865983455551772 (custom seed)

93 Darius099 the Sneak (level 4, -4/31 HPs)
             Began as an Octopode Brigand on Mar 19, 2023.
             Slain by an orc wizard
             ... wielding a +0 dagger
              (5 damage)
             ... on level 3 of the Dungeon.
             The game lasted 00:04:28 (2361 turns).

Darius099 the Sneak (Octopode Brigand)              Turns: 2361, Time: 00:04:29

Health: -4/31      AC:  1    Str: 13    XL:     4   Next: 61%
Magic:  4/4        EV: 12    Int: 13    God:
Gold:   1030       SH:  0    Dex: 15    Spells: 3/3 levels left

rFire   . . .      SeeInvis .   j - +5 quick blade
rCold   . . .      Faith    .   (no shield)
rNeg    . . .      Spirit   .   a - +0 hat of a wizard's laboratory {Drain +Blink Str+3}
rPois   .          Reflect  .   (no amulet)
rElec   .          Harm     .   (no ring)
rCorr   .          Rampage  .   (no ring)
Will    .....                   (no ring)
Stlth   ++++......              (no ring)
HPRegen 0.10/turn               (no ring)
MPRegen 0.09/turn               (no ring)
                                (no ring)
                                (no ring)

@: no status effects
A: almost no armour, amphibious, 8 rings, camouflage 1, gelatinous body 1,
(nimble swimmer 1), tentacles
a: Evoke Blink


You were on level 3 of the Dungeon.
You visited 1 branch of the dungeon, and saw 3 of its levels.

You collected 1030 gold pieces.

Inventory:

Hand Weapons
 j - a +5 quick blade (weapon)
Missiles
 b - 11 poisoned darts (quivered)
 c - 3 curare-tipped darts
Armour
 a - the +0 hat of a wizard's laboratory (worn) {Drain +Blink Str+3}
   (You acquired it on level 1 of the Dungeon)

   Str:       It affects your strength (+3).
   +Blink:    It lets you blink.
   Drain:     It drains your maximum health when unequipped.
Jewellery
 h - a +6 ring of intelligence
 i - a +6 ring of intelligence
Scrolls
 g - 2 scrolls of teleportation {unknown}
 k - a scroll of identify {unknown}
 l - a scroll of enchant weapon {unknown}
 m - a scroll of summoning {unknown}
Potions
 d - a potion of lignification {unknown}
 e - a potion of might {unknown}
 f - 2 potions of flight {unknown}


   Skills:
 + Level 3.1 Fighting
 + Level 3.1 Short Blades
 - Level 2.0 Throwing
 - Level 1.0 Dodging
 + Level 6.4 Stealth


You had 3 spell levels left.
You didn't know any spells.
Your spell library contained the following spells:

 Spells                   Type           Power      Damage    Failure   Level
 Sting                    Tmut/Pois      0%         1d3       30%         1
 Poisonous Vapours        Pois/Air       0%         N/A       43%         2
 Olgreb's Toxic Radiance  Pois           0%         N/A       97%         4


Dungeon Overview and Level Annotations

Branches:
Dungeon (3/15)

Altars:


Innate Abilities, Weirdness & Mutations

You cannot wear most types of armour.
You are amphibious.
You can wear up to eight rings at the same time.
Your skin changes colour to match your surroundings (Stealth+).
Your rubbery body absorbs attacks. (AC +1, EV +1)
((You are camouflaged when in or above water. (Stealth+)))
You have tentacles for arms and can constrict up to eight enemies at once.


Message History

Your Short Blades skill increases to level 3!
You puncture the orc!
You kill the orc!
You miss something. You miss something. Your squeeze misses something.
The orc hits you with a +0 dagger.
You hit the orc. You grab the orc.
The orc is heavily wounded.
You constrict the orc. You barely miss the orc. Your grab misses the orc.
You constrict the orc, but do no damage.
The orc hits you with a +0 dagger.
You hit the orc. Your grab misses the orc. You squeeze the orc.
You kill the orc!
You constrict the orc. You hit the orc.
You kill the orc!
Something completely misses you.
Things that are here:
a +0 dagger; a +0 leather armour Something hits you.
An orc priest comes into view. It is wielding a +0 dagger.
You hear some strange, mumbled words.
A magic dart appears from out of thin air!
The magic dart hits you!
* * * LOW HITPOINT WARNING * * *
You closely miss something.
You hear some strange, mumbled words.
A puff of flame appears from out of thin air!
The puff of flame misses you.
You hit something. Something hits you.
* * * LOW HITPOINT WARNING * * *
You hit something. You barely miss something. Your squeeze misses something.
Something hits you.
* * * LOW HITPOINT WARNING * * *
You hit something. Your squeeze misses something. Something hits you.
* * * LOW HITPOINT WARNING * * *
You hit something but do no damage. Your squeeze misses something.
You hit something. Something hits you.
You die...

#########
#<#.#.#.#######
###.#.#)......o..
#......){@####..
#.#.#.###.#
#...#..........o.
#########.###.#..
..# ###


You could see an orc priest.

Vanquished Creatures
  Jessica (D:2)
  An orc wizard (D:3)
  An adder (D:2)
  3 orcs (D:3)
  2 ball pythons (D:1)
  2 bats
  4 endoplasms (D:1)
  2 goblins (D:1)
  3 hobgoblins (D:1)
  2 kobolds (D:1)
  3 quokkas (D:1)
  A frilled lizard (D:1)
  3 rats
28 creatures vanquished.

Notes
Turn   | Place    | Note
-------+----------+-------------------------------------------
     0 | D:1      | Darius099 the Octopode Brigand began the quest for the Orb.
     0 | D:1      | Reached XP level 1. HP: 14/14 MP: 1/1
   237 | D:1      | Reached XP level 2. HP: 8/19 MP: 2/2
   475 | D:1      | Found a faded altar of an unknown god.
  1401 | D:1      | Reached XP level 3. HP: 24/25 MP: 3/3
  1474 | D:1      | Identified 3 scrolls of acquirement
  1474 | D:1      | Acquired 939 gold pieces
  1478 | D:1      | Acquired a +5 quick blade
  1486 | D:1      | Acquired the +0 hat of a wizard's laboratory {Drain +Blink
                  | Str+3}
  1677 | D:2      | Noticed Jessica
  1681 | D:2      | Killed Jessica
  1682 | D:2      | Reached skill level 6 in Stealth
  1682 | D:2      | Reached XP level 4. HP: 30/30 MP: 4/4
  2359 | D:3      | HP: 1/31 [something (2)]
  2361 | D:3      | Slain by an orc wizard

Illustrated notes

Levels and vault maps discovered:
D:1:      minmay_arrival_hallway, layout_loops_corners, basic_ecumenical_altar,
          minmay_unequal
D:2:      layout_loops_ring, uniq_jessica
D:3:      layout_basic, serial_shops, nicolae_shop_advertising_works
          [nicolae_subvault_shop_adworks], minmay_shallow_snake_nest,
          uniq_natasha

Skill      XL: |  1  2  3  4 |
---------------+-------------+-----
Stealth        | 6 |  6.4
Fighting       | 3 |  3.1
Short Blades   | 3 |  3.1
Throwing       | |  2.0
Dodging        | |  1.0

Action                   |  1- 3 |  4- 6 || total
-------------------------+-------+-------++-------
Melee: Dagger            |    33 |       ||    33
       Constrict         |     6 |     2 ||     8
       Tentacles         |     4 |     1 ||     5
       Quick blade       |     4 |    20 ||    24
       Punch             |     1 |       ||     1
  Use: Scroll            |     3 |       ||     3
 Stab: Sleeping          |    10 |     1 ||    11
Armor: Skin              |     2 |     1 ||     3
Dodge: Dodged            |    10 |     6 ||    16
